 Dungeon Crawl Stone Soup version 0.22.1-5-g62c59d9 (webtiles) character file.

98 Fang the Skirmisher (level 4, -2/29 HPs)
             Began as a Gargoyle Berserker on Jan 8, 2019.
             Was a Believer of Trog.
             Killed by nerve-wracking pain
             ... invoked by an orc priest
              (6 damage)
             ... on level 3 of the Dungeon.
             The game lasted 00:03:02 (1917 turns).

Fang the Skirmisher (Gargoyle Berserker)            Turns: 1917, Time: 00:03:02

Health: -2/29      AC: 12    Str: 22    XL:     4   Next: 71%
Magic:  4/4        EV:  8    Int:  7    God:    Trog [**....]
Gold:   87         SH:  0    Dex: 13    Spells: 3/3 levels left

rFire    . . .     SeeInvis .   a - +0 hand axe
rCold    . . .     Gourm    .   (no shield)
rNeg     + . .     Faith    .   o - +0 chain mail
rPois    ∞         Spirit   .   (no helmet)
rElec    +         Reflect  .   (no cloak)
rCorr    .         Harm     .   (no gloves)
MR       .....                  (no boots)
Stlth    ..........             (no amulet)
HPRegen  0.09/turn              r - ring of stealth
MPRegen  0.09/turn              g - +4 ring of dexterity

@: no status effects
A: negative energy resistance 1, electricity resistance, unbreathing,
petrification resistance, rot immunity, AC +3
a: Berserk, Trog's Hand, Renounce Religion


You were on level 3 of the Dungeon.
You worshipped Trog.
Trog was pleased with you.
You were hungry.

You visited 1 branch of the dungeon, and saw 3 of its levels.

You collected 87 gold pieces.

Inventory:

Hand Weapons
 a - a +0 hand axe (weapon)
Armour
 o - a +0 chain mail (worn)
Jewellery
 d - an uncursed ring of fire
 g - a +4 ring of dexterity (right hand)
 r - a ring of stealth (left hand)
Scrolls
 f - a scroll of noise {unknown}
 h - a scroll of random uselessness {unknown}
 i - 2 scrolls of enchant weapon {unknown}
 l - 2 scrolls of remove curse {unknown}
 m - a scroll of teleportation {unknown}
 n - 2 scrolls of immolation {unknown}
 s - a scroll of fear {unknown}
Potions
 b - a potion of heal wounds {unknown}
 e - a potion of haste {unknown}
 j - a potion of degeneration {unknown}
 k - a potion of cancellation {unknown}
 p - a potion of mutation {unknown}
 q - a potion of curing {unknown}
Comestibles
 c - 8 rations


   Skills:
 + Level 4.0 Fighting
 + Level 3.7 Axes
 + Level 2.7 Armour
 + Level 2.2 Dodging


You had 3 spell levels left.
You didn't know any spells.
Your spell library was empty.

Dungeon Overview and Level Annotations

Branches:
Dungeon (3/15)

Altars:
Fedhas
Trog
Yredelemnul


Innate Abilities, Weirdness & Mutations

You are resistant to torment.
Your stone body is resilient. (AC +3)
You are immune to poison.
You resist negative energy. (rN+)
You are resistant to electric shocks. (rElec)
You can survive without breathing.
You are immune to petrification.
You are immune to rotting.


Message History

The orc priest is moderately wounded.
The orc priest hits you but does no damage.
You closely miss the orc priest.
The orc priest is moderately wounded.
The orc priest invokes the aid of Beogh against you.
Beogh smites you!
* * * LOW HITPOINT WARNING * * *
The orc wizard casts a spell.
The orc wizard flickers and vanishes!
Deactivating autopickup; reactivate with Ctrl-A.
Okay, then.
Okay, then.
You hit the orc priest.
The orc priest is severely wounded.
The orc priest miscasts a cantrip.
Your chain mail prevents you from hitting the orc priest.
The orc priest is severely wounded.
The orc priest calls down the wrath of Beogh upon you.
Pain shoots through your body!
You die...

# # ####### ######
......### #....#
##..[#..# #.##.#######
##.#..#.# #.##..@o{g.#
##(#.##.###.########.#
##.#.##.....#
##.#.######## ...#.#
####.# ####.# .....#
######


You could see an orc priest and a goblin.

Vanquished Creatures
  2 adders (D:2)
  An ooze (D:3)
  3 worms (D:2)
  2 dart slugs (D:1)
  2 leopard geckos (D:2)
  An orc (D:3)
  4 giant cockroaches
  4 goblins
  9 hobgoblins
  2 jackals (D:3)
  10 kobolds
  2 quokkas (D:2)
  5 bats
  6 frilled lizards
  7 rats
  A spectral orc (D:2)
61 creatures vanquished.

Notes
Turn   | Place    | Note
-------+----------+-------------------------------------------
     0 | D:1      | Fang the Gargoyle Berserker began the quest for the Orb.
     0 | D:1      | Reached XP level 1. HP: 14/14 MP: 1/1
   129 | D:1      | Reached XP level 2. HP: 16/19 MP: 2/2
   753 | D:2      | Found a blossoming altar of Fedhas.
   755 | D:2      | Reached XP level 3. HP: 24/24 MP: 3/3
   868 | D:2      | Reached ** piety under Trog
  1058 | D:2      | Found a bloodstained altar of Trog.
  1119 | D:2      | Reached XP level 4. HP: 20/29 MP: 4/4
  1501 | D:2      | Found a basalt altar of Yredelemnul.
  1811 | D:3      | Reached skill level 4 in Fighting
  1917 | D:3      | Killed from afar by an orc priest

Skill      XL: |  1  2  3  4 |
---------------+-------------+-----
Axes           | 3 |  3.7
Dodging        | 2 |  2.2
Fighting       | 4 |  4.0
Armour         | |  2.7

Action                   |  1- 3 |  4- 6 || total
-------------------------+-------+-------++-------
Melee: Hand axe          |   144 |    96 ||   240
  Eat: Chunk             |     1 |     2 ||     3
Armor: Animal skin       |    40 |       ||    40
       Chain mail        |    45 |    39 ||    84
Dodge: Dodged            |    88 |    39 ||   127
